 Dungeon Crawl Stone Soup version 0.31.0-12-g77e489cdc1 (webtiles) character file.

Game seed: 1450075869598874001

161 Gadfly the Covered (level 5, -6/45 HPs)
             Began as an Armataur Fighter on Mar 1, 2024.
             Killed from afar by an orc wizard (9 damage)
             ... with a magic dart
             ... on level 3 of the Dungeon.
             The game lasted 00:03:13 (1669 turns).

Gadfly the Covered (Armataur Fighter)               Turns: 1669, Time: 00:03:14

Health: -6/45      AC: 10    Str: 22    XL:     5   Next: 19%
Magic:  6/6        EV:  7    Int:  8    God:
Gold:   20         SH:  5    Dex: 17    Spells: 4/4 levels left

rFire   . . .        a - +1 flail
rCold   . . .        c - +0 buckler
rNeg    . . .        b - +0 scale mail
rPois   +            (no helmet)
rElec   .            i - +2 cloak
rCorr   .            (no gloves)
SInv    .            (no barding)
Will    .....        (no amulet) Stlth
                     j - +6 ring of dexterity
HPRegen 0.27/turn    h - ring of poison resistance
MPRegen 0.10/turn

%: roll
@: no status effects
A: large, deformed body, tough skin 3, armoured tail, roll 1
a: no special abilities


You were on level 3 of the Dungeon.
You visited 1 branch of the dungeon, and saw 3 of its levels.

You collected 119 gold pieces.
You spent 99 gold pieces at shops.

Inventory:

Hand Weapons
 a - a +1 flail (weapon)
Armour
 b - a +0 scale mail (worn)
 c - a +0 buckler (worn)
 i - a +2 cloak (worn)
Jewellery
 h - a ring of poison resistance (right hand)
 j - a +6 ring of dexterity (left hand)
Scrolls
 e - a scroll of enchant weapon
Potions
 d - 2 potions of might
 g - 2 potions of enlightenment


   Skills:
 + Level 3.1 Fighting
 * Level 2.6 Maces & Flails
 + Level 4.1 Armour
 + Level 3.7 Shields
 * Level 2.2 Invocations
 * Level 2.2 Evocations


You had 4 spell levels left.
You didn't know any spells.
Your spell library was empty.

Dungeon Overview and Level Annotations

Branches:
Dungeon (3/15)

Altars:

Shops:
D:1 ?   D:2 [(!*(   D:3 !


Innate Abilities, Weirdness & Mutations

Armour fits poorly on your strangely shaped body.
You have extremely tough skin. (AC +3)
You have a long armoured tail.
You regenerate magic when rolling toward enemies. (Rampage MPRegen)


Message History

The orc hits you but does no damage. The orc barely misses you.
You block the orc wizard's attack. You block the orc's attack.
You barely miss the orc wizard.
The orc wizard is almost dead.
The orc hits you with a +0 hand axe.
The orc wizard points at you and mumbles some strange words.
The magic dart hits you but does no damage.
The orc hits you but does no damage.
You closely miss the orc wizard.
The orc wizard is almost dead.
The orc wizard hits you but does no damage.
The orc hits you with a +0 hand axe. You block the orc's attack.
You hit the orc wizard.
The orc wizard is almost dead.
The orc wizard gestures at you while chanting.
The puff of flame hits you!
* * * LOW HITPOINT WARNING * * *
You block the orc's attack. The orc hits you but does no damage.
You block the orc's attack.
The orc wizard hits you but does no damage.
The orc closely misses you.
You hit the orc wizard but do no damage.
The orc wizard is almost dead.
The orc wizard gestures at you while chanting.
The magic dart hits you!
* * * LOW HITPOINT WARNING * * *
The orc hits you but does no damage. The orc hits you with a +0 whip.
* * * LOW HITPOINT WARNING * * *
You feel better.
The orc wizard hits you with a +0 dagger.
* * * LOW HITPOINT WARNING * * *
The orc hits you with a +0 hand axe.
* * * LOW HITPOINT WARNING * * *
The orc hits you but does no damage.
You barely miss the orc wizard.
You tail-slap the orc wizard, but do no damage.
The orc wizard is almost dead.
The orc wizard gestures at you while chanting.
The magic dart hits you!
You die...

###.......# .#.......#
...###.######### .
..##.......)..## ..
#)#............## ..
#...............#
..#.####).......)......#
..............oo.......#
.###...?#....)@o.......#
####.#........÷..<..#
#..........∩....##
###............##
##.........###
#.........# #..##.#####
##..[.# ######


You could see an orc wizard and 2 orcs.

Vanquished Creatures
  A bombardier beetle (D:3)
  2 orc wizards (D:3)
  2 adders
  A ribbon worm (D:2)
  4 orcs
  4 bats
  6 endoplasms
  4 giant cockroaches
  2 goblins
  4 hobgoblins
  10 jackals
  2 quokkas (D:1)
  5 ball pythons
  A frilled lizard (D:2)
  3 kobolds
  7 rats
58 creatures vanquished.

Notes
Turn   | Place    | Note
-------+----------+-------------------------------------------
     0 | D:1      | Gadfly the Armataur Fighter began the quest for the Orb.
     0 | D:1      | Reached XP level 1. HP: 18/18 MP: 1/1
   151 | D:1      | Reached XP level 2. HP: 25/25 MP: 2/2
   312 | D:1      | Reached skill level 1 in Invocations
   415 | D:1      | Found Xuerphow's Magic Scroll Shoppe.
   492 | D:2      | Reached skill level 1 in Evocations
   504 | D:2      | Reached XP level 3. HP: 21/30 MP: 3/3
   540 | D:2      | Found Esemp's Weapon Shop.
   686 | D:2      | Found Jaqehug's Weapon Emporium.
   809 | D:2      | Found a faded altar of an unknown god.
   884 | D:2      | Found Qufiuraag's Armour Emporium.
  1040 | D:2      | Found Hyiretis's Assorted Antiques.
  1200 | D:2      | Found Usipsov's Distillery.
  1203 | D:2      | Bought a potion of curing for 33 gold pieces
  1203 | D:2      | Bought a potion of degeneration for 11 gold pieces
  1206 | D:2      | Bought a potion of enlightenment for 55 gold pieces
  1399 | D:3      | Found Pugir's Distillery.
  1439 | D:3      | Reached XP level 4. HP: 34/38 MP: 5/5
  1440 | D:3      | Reached skill level 4 in Armour
  1651 | D:3      | Reached XP level 5. HP: 39/45 MP: 6/6
  1667 | D:3      | HP: 2/45 [orc wizard/magic dart (8)]
  1669 | D:3      | Killed from afar by an orc wizard

Illustrated notes

Levels and vault maps discovered:
D:1:      lightli_arrival_farm, layout_rooms, serial_shops,
          nicolae_shop_real_fake_doors
D:2:      layout_loops_cross, serial_shops, shop, nicolae_square_shop, shop,
          nicolae_shop_pleasant_corner_grove, shop,
          shapermc_ecumenical_altar_venn
D:3:      layout_rooms, grunt_qazlal_clouds, mainiacjoe_overflow_paths,
          serial_shops, shop, uniq_crazy_yiuf_cottage

Skill      XL: |  1  2  3  4 |
---------------+-------------+-----
Maces & Flails | 2 |  2.6
Invocations    | 1 2 |  2.2
Evocations     | 1 2 |  2.2
Fighting       | 3 |  3.1
Armour         | 4 |  4.1
Shields        | |  3.7

Action                     |  1- 3 |  4- 6 || total
---------------------------+-------+-------++-------
  Melee: Flail             |   135 |    50 ||   185
         Tailslap          |    12 |     7 ||    19
    Use: Scroll            |     3 |       ||     3
         Potion            |       |     2 ||     2
 Armour: Scale mail        |   130 |   103 ||   233
  Dodge: Dodged            |    65 |    37 ||   102
  Block: Buckler           |    52 |    30 ||    82
